 Dungeon Crawl Stone Soup version 0.21-a0-426-g98080a9 (webtiles) character file.

1728 bedazzled the Magician (level 8, -6/57 HPs)
             Began as a Mummy Ice Elementalist on Nov 5, 2017.
             Was an Initiate of Gozag.
             Killed by divine providence
             ... invoked by an orc priest
              (13 damage)
             ... on level 8 of the Dungeon.
             The game lasted 00:27:12 (11801 turns).

bedazzled the Magician (Mummy Ice Elementalist)    Turns: 11801, Time: 00:27:13

Health: -6/57      AC:  7    Str: 11    XL:     8   Next: 76%
Magic:  28/28      EV: 12    Int: 16    God:    Gozag
Gold:   1194       SH:  0    Dex: 13    Spells: 5/21 levels left

rFire    x . .     SeeInvis .   e - +1 short sword (speed)
rCold    + . .     Gourm    .   (no shield)
rNeg     + + +     Faith    .   y - +2 robe {Archmagi}
rPois    ∞         Spirit   .   t - +0 helmet
rElec    .         Reflect  .   p - +1 cloak
rCorr    .         Harm     .   (no gloves)
MR       +....                  (no boots)
Stlth    +++.......             (no amulet)
HPRegen  0.19/turn              g - ring of magical power
MPRegen  0.21/turn              s - ring of stealth

@: no status effects
A: no food or potions, fire vulnerability, cold resistance 1, negative energy
resistance 3, torment resistance, unbreathing
a: Potion Petition, Call Merchant, Bribe Branch, Renounce Religion


You were on level 8 of the Dungeon.
You worshipped Gozag.
Gozag was most pleased with you.
You were not hungry.

You visited 1 branch of the dungeon, and saw 8 of its levels.
You also visited: Ossuary.

You collected 1203 gold pieces.
You paid 9 gold pieces to Gozag.

Inventory:

Hand Weapons
 c - a -1 dagger
 e - a +1 short sword of speed (weapon)
 o - a cursed +1 flail
 r - a +4 quarterstaff of chaos
Missiles
 d - 181 stones (quivered)
Armour
 a - a +0 robe
 m - a +0 buckler
 p - a +1 cloak (worn)
 t - a +0 helmet (worn)
 x - a +2 shield
 y - a +2 robe of the Archmagi (worn)
Jewellery
 g - a ring of magical power (left hand)
 s - a ring of stealth (right hand)
 z - an uncursed amulet of harm {unknown}
Wands
 l - a wand of scattershot (1/9)
 n - a wand of flame (19/48)
 v - a wand of clouds (3/9)
Scrolls
 f - 4 scrolls of identify
 h - a scroll of remove curse
 i - 2 scrolls of recharging
 k - 2 scrolls of teleportation
 q - 3 scrolls of enchant weapon
 u - a scroll of enchant armour {unknown}
 A - a scroll of summoning {unknown}
Books
 b - a book of Frost

   Spells                             Type                      Level
   a - Freeze                         Ice                          1
   b - Throw Frost                    Conjuration/Ice              2
   c - Ozocubu's Armour               Charms/Ice                   3
   d - Throw Icicle                   Conjuration/Ice              4
   e - Summon Ice Beast               Ice/Summoning                4
 j - a book of Conjurations

   Spells                             Type                      Level
   a - Magic Dart                     Conjuration                  1
   b - Searing Ray                    Conjuration                  2
   c - Dazzling Spray                 Conjuration/Hexes            3
   d - Fulminant Prism                Conjuration/Hexes            4
   e - Force Lance                    Conjuration/Translocation    4
   f - Iskenderun's Mystic Blast      Conjuration                  4
Comestibles
 w - a royal jelly


   Skills:
 + Level 2.5 Fighting
 - Level 1.5 Dodging
 - Level 1.5 Stealth
 - Level 7.4 Spellcasting
 * Level 3.7 Conjurations
 - Level 7.1 Ice Magic


You had 5 spell levels left.
You knew the following spells:

 Your Spells              Type           Power        Failure   Level  Hunger
a - Freeze                Ice            ####         1%          1    N/A
b - Throw Icicle          Conj/Ice       #####...     12%         4    N/A
c - Ozocubu's Armour      Chrm/Ice       ####....     9%          3    N/A
d - Summon Ice Beast      Ice/Summ       ####....     26%         4    N/A
e - Iskenderun's Mystic   Conj           ####....     26%         4    N/A

Dungeon Overview and Level Annotations

Branches:
Dungeon (8/15)             Temple (0/1) D:4
   Lair: D:8-11

Altars:
Ashenzari
Fedhas
Gozag
Kikubaaqudgha
Okawaru
Ru
Uskayaw

Shops:
D:4 *

Annotations:
D:5 3 runed doors, Menkaure
D:8 2 transporters


Innate Abilities, Weirdness & Mutations

You do not eat or drink.
Your flesh is vulnerable to fire.
You are immune to poison.
Your flesh is cold resistant. (rC+)
You are immune to negative energy. (rN+++)
You are immune to unholy pain and torment.
You can survive without breathing.


Message History

A phantom comes into view. 2 gnolls come into view.
An orc wizard comes into view. It is wielding a dagger.
Unknown command.
Unknown command.
Evoke which item? (* to show all) (? for menu, Esc to quit)
Okay, then.
The orc shouts!
The orc warrior shouts!
The orc wizard hits you but does no damage.
The orc warrior hits you with a glaive!!
* * * LOW HITPOINT WARNING * * *
Unknown command.
The orc wizard casts a spell at you. The magic dart hits you!
* * * LOW HITPOINT WARNING * * *
The orc priest calls down the wrath of Beogh upon you.
Beogh smites you!
You die...
Your body crumbles into a pile of gold.

....... .#######..............#
.....### .......#......©.....#
......## #.####.....#######..# #
#.....###.# #.....#8.©.8#..# #.
#..#...#.## #.....#P./$P#..#
#.###...##....###.....###+###..#
.....#................#≈...≈#..#
....######............#≈...≈#..##
..%..# #.##...@#....#≈...≈#....
%.P.## #.#.....#.. #≈.⌠.≈#....
.%... #....ooo..##.#≈...≈#.#..
....# #............#≈...;#.#..
....' #.........#..#≈...;#....
....' #.......#.##.###+###.#..
....# #....o..#.##.#P.?.P#.#..
#...o...#.##.#8.©.8#.#..
##......# #.#######.#..


You could see an orc warrior, 2 orc priests, an orc wizard and an orc.

Vanquished Creatures
  An orc warrior (D:7)
  An ice beast (D:5)
  A centaur (D:7)
  A gnoll sergeant (D:7)
  A bullfrog (D:7)
  2 crimson imps (D:7)
  2 jellies (D:8)
  A bullfrog zombie (D:7)
  A gnoll shaman (D:7)
  A hound (D:6)
  5 orc wizards
  2 centaur skeletons (D:7)
  4 orc priests
  Ijyb (D:5)
  2 worker ants
  A big kobold zombie (Ossuary)
  A mummy (Ossuary)
  7 adders
  10 gnolls
  3 worms
  3 dart slugs (D:1)
  6 leopard geckos
  14 orcs
  2 ball pythons
  6 bats
  3 giant cockroaches
  A gnoll zombie (Ossuary)
  6 goblins
  4 hobgoblins
  6 jackals
  10 kobolds
  3 frilled lizards
  A leopard gecko zombie (D:7)
  2 rats
115 creatures vanquished.

Vanquished Creatures (collateral kills)
  Eustachio (D:7)
  Edmund (D:5)
  An ice beast (D:7)
  A phantom (D:7)
  An ogre (D:6)
  Blork the orc (D:7)
  A gnoll sergeant (D:7)
  A scorpion (D:5)
  A wight (D:7)
  A howler monkey (D:7)
  2 crimson imps (D:7)
  Crazy Yiuf (D:4)
  2 bullfrog skeletons
  7 mummies (Ossuary)
  2 gnolls (D:7)
  An orc (D:6)
  A giant cockroach (D:7)
  A hobgoblin zombie (Ossuary)
  A kobold zombie (Ossuary)
  4 orc zombies (Ossuary)
32 creatures vanquished.

Grand Total: 147 creatures vanquished

Notes
Turn   | Place    | Note
-------+----------+-------------------------------------------
     0 | D:1      | bedazzled the Mummy Ice Elementalist began the quest for the Orb.
     0 | D:1      | Reached XP level 1. HP: 13/13 MP: 4/4
   314 | D:1      | Reached XP level 2. HP: 15/19 MP: 0/6
   374 | D:1      | Learned a level 2 spell: Throw Frost
  1859 | D:2      | Reached XP level 3. HP: 24/24 MP: 7/7
  2605 | D:2      | Found an iron altar of Okawaru.
  2811 | D:2      | Found a shattered altar of Ashenzari.
  2811 | D:2      | Found a blossoming altar of Fedhas.
  2837 | D:2      | Found an opulent altar of Gozag.
  2941 | D:2      | Became a worshipper of Gozag Ym Sagoz the Greedy
  3342 | D:3      | Reached XP level 4. HP: 19/30 MP: 9/9
  3450 | D:3      | Learned a level 3 spell: Ozocubu's Armour
  3455 | D:3      | Learned a level 4 spell: Summon Ice Beast
  4501 | D:5      | Entered Level 5 of the Dungeon
  4526 | D:5      | Noticed Edmund
  4529 | D:5      | Noticed a rust devil
  4637 | D:4      | Found Lomi's General Store.
  4880 | D:5      | Found a sand-covered staircase.
  4887 | Ossuary  | Entered an ossuary
  4974 | Ossuary  | Reached XP level 5. HP: 21/35 MP: 4/11
  6048 | D:5      | Noticed Menkaure
  6059 | D:5      | Noticed a small abomination
  6059 | D:5      | Noticed a small abomination
  6253 | D:4      | Found a staircase to the Ecumenical Temple.
  6338 | D:4      | Reached XP level 6. HP: 12/41 MP: 11/13
  6930 | D:4      | Reached skill level 5 in Spellcasting
  6936 | D:4      | Reached skill level 5 in Ice Magic
  7174 | D:4      | Found a runed door.
  7298 | D:4      | Noticed Crazy Yiuf
  7303 | D:4      | Killed Crazy Yiuf
  7408 | D:5      | Killed Edmund
  7648 | D:5      | Noticed Ijyb
  7655 | D:5      | Killed Ijyb
  7773 | D:5      | Reached XP level 7. HP: 45/46 MP: 15/15
  8067 | D:5      | Found a runed door.
  8068 | D:5      | Found a runed gate.
  8075 | D:5      | Found the +9 staff of Olgreb {rPois}
  8078 | D:5      | Found a runed door.
  9037 | D:7      | Noticed Blork the orc
  9037 | D:7      | Noticed Eustachio
  9346 | D:7      | Killed Blork the orc
  9397 | D:7      | Reached XP level 8. HP: 52/52 MP: 6/18
  9398 | D:7      | Killed Eustachio
  9728 | D:7      | Learned a level 4 spell: Throw Icicle
  9733 | D:7      | Learned a level 4 spell: Iskenderun's Mystic Blast
  9748 | D:7      | Reached skill level 1 in Conjurations
 10226 | D:7      | Reached skill level 1 in Fighting
 11309 | D:7      | Found an ancient bone altar of Kikubaaqudgha.
 11309 | D:7      | Found a sacrificial altar of Ru.
 11310 | D:7      | Found a hide-covered altar of Uskayaw.
 11532 | D:8      | Found a transporter.
 11598 | D:8      | Found a transporter.
 11801 | D:8      | Killed from afar by an orc priest

Vault maps used:
D:1:      dpeg_arrival_tiny_i, minmay_surrounded
D:2:      overflow_temple_1_default, gammafunk_temple_overflow_statue,
          first_bread, hangedman_decor_peaks_small, okawaru_gym_becter
D:3:      kennysheep_generic_room_12
D:4:      minmay_temple_entry_poolview, serial_shops, kennysheep_little_box,
          uniq_crazy_yiuf_cottage
D:5:      nicolae_ossuary_entry_ruins, st_stairs_14,
          minmay_guarded_unrand_staff_of_olgreb, uniq_menkaure, uniq_ijyb,
          uniq_edmund
D:6:      hangedman_abyss_or_decor_stabs
D:7:      gammafunk_temple_overflow_claw, sword_in_stone
D:8:      gammafunk_steamed_eel, minitemple, basic_altar, blue_anna_alchemist
Ossuary:  ossuary_tomb_3

Skill      XL: |  1  2  3  4  5  6  7  8 |
---------------+-------------------------+-----
Spellcasting   | 3 4 5 6 7 |  7.4
Ice Magic      | 3 4 5 6 7 |  7.1
Conjurations   | 3 |  3.7
Fighting       | 2 |  2.5
Dodging        | |  1.5
Stealth        | |  1.5

Action                   |  1- 3 |  4- 6 |  7- 9 || total
-------------------------+-------+-------+-------++-------
Melee: Dagger            |    18 |     2 |       ||    20
       Unarmed           |     1 |       |       ||     1
       Short sword       |       |    16 |    78 ||    94
Throw: Stone             |     8 |       |       ||     8
 Cast: Freeze            |    68 |    81 |    41 ||   190
       Throw Frost       |     4 |     7 |       ||    11
       Summon Ice Beast  |       |    19 |    42 ||    61
       Ozocubu's Armour  |       |     1 |    10 ||    11
       Throw Icicle      |       |       |    26 ||    26
       Iskenderun's Myst |       |       |     3 ||     3
Invok: Potion Petition   |       |     1 |       ||     1
Evoke: Wand              |       |     1 |     2 ||     3
  Use: Scroll            |       |    13 |     3 ||    16
 Stab: Sleeping          |     1 |     1 |     1 ||     3
Armor: Robe              |    15 |     9 |    55 ||    79
Dodge: Dodged            |    43 |    52 |    79 ||   174

Table legend:
 A = Spawn XP
 B = Non-spawn XP
 C = Spawn XP percentage of total XP
 D = Spawn monster count
 E = Non-spawn monster count
 F = Spawn count percentage of total count
 G = Total turns spent on level
                    A         B        C        D         E        F      G
               +---------+---------+-------+---------+---------+-------+---------
         Total |       0 |    2469 |   0.0 |       0 |     147 |   0.0 | 11801
               +---------+---------+-------+---------+---------+-------+---------
           D:1 |       0 |      31 |   0.0 |       0 |      15 |   0.0 |  1573
           D:2 |       0 |      44 |   0.0 |       0 |      16 |   0.0 |  1714
           D:3 |       0 |      70 |   0.0 |       0 |      22 |   0.0 |  1423
           D:4 |       0 |     307 |   0.0 |       0 |      14 |   0.0 |  1425
           D:5 |       0 |     326 |   0.0 |       0 |      11 |   0.0 |   974
           D:6 |       0 |      94 |   0.0 |       0 |       4 |   0.0 |   497
           D:7 |       0 |    1367 |   0.0 |       0 |      44 |   0.0 |  2881
           D:8 |       0 |     129 |   0.0 |       0 |       5 |   0.0 |   269
       Ossuary |       0 |     101 |   0.0 |       0 |      16 |   0.0 |  1045
               +---------+---------+-------+---------+---------+-------+---------
